 Dungeon Crawl Stone Soup version 0.31.0-11-ge490571c62 (webtiles) character file.

Game seed: 18441084451360009992

72 protoss039 the Digger (level 4, 33/33 HPs)
             Began as a Demonspawn Earth Elementalist on Jan 28, 2024.
             Got out of the dungeon alive.
             The game lasted 00:04:19 (2187 turns).

protoss039 the Digger (DsEE)                        Turns: 2187, Time: 00:04:20

Health: 33/33      AC:  7    Str:  8    XL:     4   Next: 6%
Magic:  8/8        EV: 10    Int: 18    God:
Gold:   25         SH:  0    Dex: 13    Spells: 1/8 levels left

rFire   . . .        l - +3 short sword
rCold   . . .        (no shield)
rNeg    . . .        g - +0 ring mail
rPois   .            m - +0 helmet
rElec   .            o - scarf {repulsion}
rCorr   .            (no gloves)
SInv    .            (no boots)
Will    .....        h - amulet of regeneration
Stlth   +            j - ring of flight
HPRegen 1.05/turn    (no ring)
MPRegen 0.11/turn

%: repel missiles
@: flying
A: hooves 1, foul stench 1, sharp scales 1
a: no special abilities


You escaped.
You visited 1 branch of the dungeon, and saw 3 of its levels.

You collected 25 gold pieces.

Inventory:

Hand Weapons
 l - a +3 short sword (weapon)
Armour
 a - a +0 robe
 g - a +0 ring mail (worn)
 m - a +0 helmet (worn)
 o - a scarf of repulsion (worn)
Jewellery
 h - an amulet of regeneration (around neck)
 j - a ring of flight (left hand)
Scrolls
 f - 2 scrolls of vulnerability
 i - 2 scrolls of identify {unknown}
 k - a scroll of teleportation {unknown}
 n - a scroll of silence {unknown}
Potions
 b - a potion of magic
 c - a potion of invisibility {unknown}
 d - 3 potions of brilliance {unknown}
 e - 6 potions of curing {unknown}


   Skills:
 + Level 2.0 Fighting
 - Level 1.7 Dodging
 - Level 1.7 Stealth
 + Level 2.8 Spellcasting
 - Level 1.0 Conjurations
 + Level 3.3 Earth Magic


You had one spell level left.
You knew the following spells:

 Your Spells              Type           Power      Damage    Failure   Level
a - Sandblast             Erth           28%        2d8       13%         1
b - Passwall              Erth           14%        N/A       36%         3
c - Stone Arrow           Conj/Erth      20%        3d8       54%         3

Your spell library contained the following spells:

 Spells                   Type           Power      Damage    Failure   Level
 Brom's Barrelling Bould  Conj/Erth      10%        2d3       91%         4
 Petrify                  Alch/Erth      8%         N/A       95%         4


Dungeon Overview and Level Annotations

Branches:
Dungeon (3/15)

Altars:

Annotations:
D:1 Terence


Innate Abilities, Weirdness & Mutations

You have large cloven feet.
You may rarely emit foul miasma when damaged in melee.
You are partially covered in razor-sharp scales. (AC +1, Slay +1)


Message History

No target in view!
A frilled lizard comes into view.
The frilled lizard hisses angrily.
A frilled lizard is nearby!
You closely miss the frilled lizard. The frilled lizard barely misses you.
A frilled lizard is nearby!
You hit the frilled lizard.
You kill the frilled lizard!
You see here a frilled lizard corpse.
You see here a frilled lizard corpse.
A quokka comes into view.
The quokka misses you.
The quokka bites you but does no damage.
A quokka is nearby!
You miss the quokka.
The quokka bites you but does no damage.
A quokka is nearby!
A quokka is nearby!
You closely miss the quokka. The quokka barely misses you.
A quokka is nearby!
You barely miss the quokka. You kick the quokka.
The quokka is almost dead.
The quokka bites you but does no damage.
A quokka is nearby!
You hit the quokka.
You kill the quokka!
d - 3 green potions (gained 2)
You see here a +0 sling.
You see here a quokka corpse.
Key pressed, stopping explore.
No target in view!
There is a stone staircase leading up here.
You fly upwards.
There is a stone staircase leading down here.
There is a stone staircase leading up here.
You fly upwards.
Level annotation: Terence
There is a stone staircase leading down here.
There is a staircase leading out of the dungeon here.
You have escaped!

####.##.##..#...#......##.#######
#.##.##.#^..~..~...###........
#.##.##....≈~~~~.##.##########
#.##.###..~≈≈≈~..#.###########
#.##.# ##~.≈≈≈~.....##........
#.##.# ##~≈~≈≈~≈≈~.###.#######
#.##.# #..~~~≈≈~≈≈.# #.##...#.
####.#..###~~.~...≈≈~.###.##.#.#.
.....#....#~~≈.~@~.≈~~..#.##.#.#.
.....#...##.~~~...≈...#.#.##.#.#.
....##.#..#.~~~~.~~≈..#.#.##.#.#.
####....###..~≈~≈≈~~..###.##.#.#.
#.#..##....~≈≈≈~~...##....#.#.
#.#..##....~≈≈~~.~.~.#..###.##
#.#..##.~..~~.~..~~~##........
#.#..##...#.....≈~..##.#....#.
####.#..#...##..#.~≈≈..##.#....#.


There were no monsters in sight!

Vanquished Creatures
  2 adders (D:2)
  3 dart slugs
  6 bats (D:1)
  5 endoplasms
  3 giant cockroaches
  7 goblins
  4 kobolds
  3 quokkas
  4 ball pythons (D:1)
  4 frilled lizards
  6 rats
47 creatures vanquished.

Notes
Turn   | Place    | Note
-------+----------+-------------------------------------------
     0 | D:1      | protoss039 the Demonspawn Earth Elementalist began the
                  | quest for the Orb.
     0 | D:1      | Reached XP level 1. HP: 13/13 MP: 3/3
   242 | D:1      | Gained mutation: You have large cloven feet. [demonic
                  | ancestry]
   242 | D:1      | Reached XP level 2. HP: 20/20 MP: 3/5
   352 | D:1      | Reached skill level 1 in Fighting
   394 | D:1      | Reached skill level 3 in Earth Magic
   842 | D:1      | Gained mutation: You are partially covered in razor-sharp
                  | scales. (AC +1, Slay +1) [demonic ancestry]
   842 | D:1      | Reached XP level 3. HP: 26/26 MP: 1/6
  1400 | D:1      | Learned a level 3 spell: Passwall
  1404 | D:1      | Learned a level 3 spell: Stone Arrow
  1594 | D:2      | Noticed Terence
  1765 | D:2      | You are sucked into a shaft and drop 1 floor!
  1934 | D:3      | Gained mutation: You may rarely emit foul miasma when
                  | damaged in melee. [demonic ancestry]
  1934 | D:3      | Reached XP level 4. HP: 33/33 MP: 8/8
  2187 | D:$      | Got out of the dungeon alive.

Illustrated notes

Levels and vault maps discovered:
D:1:      dpeg_arrival_subterranean_lakeside_camping, layout_basic,
          nicolae_figureground_sparkle
D:2:      minmay_razor_zed, layout_basic, basic_altar, st_stairs_8, uniq_robin,
          uniq_terence
D:3:      layout_loops_corners, serial_aquarium, aquarium_bridge_straight
          [aquarium_subvault_bridge, aquarium_subvault_wall,
          aquarium_subvault_bridge, aquarium_subvault_balcony],
          aquarium_window_fake, aquarium_window_corner, aquarium_window_fake,
          aquarium_view_2f, aquarium_balcony_1a, aquarium_pool_split,
          dk_vineyard_1

Skill      XL: |  1  2  3 |
---------------+----------+-----
Fighting       | 1 2 |  2.0
Earth Magic    | 3 |  3.3
Dodging        | |  1.7
Stealth        | |  1.7
Spellcasting   | |  2.8
Conjurations   | |  1.0

Action                     |  1- 3 |  4- 6 || total
---------------------------+-------+-------++-------
  Melee: Unarmed           |     4 |       ||     4
         Dagger            |    24 |       ||    24
         Kick              |    17 |     2 ||    19
         Short sword       |    31 |     8 ||    39
   Cast: Sandblast         |    39 |       ||    39
    Use: Scroll            |     1 |       ||     1
   Stab: Sleeping          |     2 |       ||     2
 Armour: Robe              |     4 |       ||     4
         Ring mail         |    49 |     5 ||    54
  Dodge: Dodged            |    48 |     3 ||    51
